 Dungeon Crawl Stone Soup version 0.25-a0-1133-g93ebf739aa (webtiles) character file.

Game seed: 4273104490716916409, levelgen mode: deterministic

21280 vurker the Fighter (level 12, -1/133 HPs)
             Began as an Ogre Hunter on May 21, 2020.
             Was a High Priest of Okawaru.
             Slain by a spiny frog (15 damage)
             ... on level 4 of the Lair of Beasts.
             The game lasted 00:44:12 (30195 turns).

vurker the Fighter (Ogre Hunter)                   Turns: 30195, Time: 00:44:13

Health: -1/133     AC: 19    Str: 23    XL:     12   Next: 88%
Magic:  18/18      EV:  7    Int: 12    God:    Okawaru [*****.]
Gold:   325        SH:  0    Dex:  9    Spells: 11/11 levels left

rFire    + . .     SeeInvis .   b - +1 flail (protect)
rCold    . . .     Gourm    .   (no shield)
rNeg     . . .     Faith    .   h - +0 shadow dragon scales
rPois    +         Spirit   .   (helmet restricted)
rElec    +         Reflect  .   (no cloak)
rCorr    .         Harm     .   (gloves unavailable)
MR       +....                  (boots unavailable)
Stlth    +.........             (no amulet)
HPRegen  0.32/turn              s - ring "Uklydi" {rElec rF+ Stlth-}
MPRegen  0.16/turn              r - ring of poison resistance

@: protection aura
A: large, unfitting armour, tough skin 1
a: Heroism, Finesse, Renounce Religion


You were on level 4 of the Lair of Beasts.
You worshipped Okawaru.
Okawaru was extremely pleased with you.
You were hungry.

You visited 3 branches of the dungeon, and saw 17 of its levels.
You also visited: Ossuary.

You collected 1125 gold pieces.
You spent 800 gold pieces at shops.

Inventory:

Hand Weapons
 a - a +0 giant spiked club
   (You took it off an ogre on level 8 of the Dungeon)
 b - a +1 flail of protection (weapon)
   (You found it on level 10 of the Dungeon)
Missiles
 c - 14 large rocks
 i - a throwing net (quivered)
 y - 3 javelins
Armour
 h - +0 shadow dragon scales (worn)
   (You bought it in a shop on level 11 of the Dungeon)
 A - the +2 robe of Slovenliness {+Inv rC+}
   (You found it on level 11 of the Dungeon)

   It protects you from cold.
   It lets you turn invisible.
Jewellery
 g - an uncursed ring of see invisible
   (You found it on level 1 of the Dungeon)
 o - an uncursed ring of ice
   (You found it on level 2 of the Dungeon)
 r - a ring of poison resistance (right hand)
   (You found it on level 3 of the Dungeon)
 s - the ring "Uklydi" (left hand) {rElec rF+ Stlth-}
   (You found it on level 2 of the Lair of Beasts)

   [ring of attention]

   It protects you from fire.
   It insulates you from electricity.
   It makes you less stealthy.
Wands
 k - a wand of polymorph (26)
   (You found it on level 7 of the Dungeon)
 v - a wand of digging (9)
   (You found it on level 5 of the Dungeon)
 F - a wand of enslavement (4)
   (You found it on level 8 of the Dungeon)
Scrolls
 d - 2 scrolls of enchant armour
 f - 3 scrolls of identify
 j - 4 scrolls of teleportation
 q - 7 scrolls of remove curse
 t - 2 scrolls of fog
 u - a scroll of blinking
 w - 3 scrolls of immolation
 x - a scroll of fear
 C - a scroll of magic mapping
Potions
 l - 2 potions of cancellation
 n - 5 potions of flight
 p - 4 potions of curing
 z - a potion of ambrosia
 B - 3 potions of mutation
 D - 2 potions of lignification
 E - 5 potions of haste
Comestibles
 e - 21 rations


   Skills:
 + Level 12.4 Fighting
 * Level 12.2 Maces & Flails
 + Level 10.4 Throwing
 + Level 2.9 Armour
 + Level 3.9 Dodging
 - Level 0.6 Stealth
 - Level 8.0 Invocations


You had 11 spell levels left.
You didn't know any spells.
Your spell library contained the following spells:

 Spells                   Type           Power        Failure   Level  Hunger
 Animate Skeleton         Necr           N/A          95%         1    ##.....
 Pain                     Necr           #...         95%         1    ##.....
 Sandblast                Erth           #.....       95%         1    ##.....
 Sting                    Tmut/Pois      #...         95%         1    ##.....
 Passwall                 Tmut/Erth      #.......     99%         2    ###....
 Poisonous Vapours        Pois/Air       #.....       99%         2    ###....
 Conjure Flame            Conj/Fire      #.......     100%        3    ####...
 Ignite Poison            Fire/Tmut/Pois #.......     100%        3    ####...
 Mephitic Cloud           Conj/Pois/Air  #.......     100%        3    ####...
 Stone Arrow              Conj/Erth      #.....       100%        3    ####...
 Vampiric Draining        Necr           #.........   100%        3    ####...
 Animate Dead             Necr           N/A          100%        4    #####..
 Fulminant Prism          Conj/Hex       #.........   100%        4    #####..
 Hailstorm                Conj/Ice       #.......     100%        4    #####..
 Iskenderun's Mystic Bla  Conj/Tloc      #.......     100%        4    #####..
 Leda's Liquefaction      Hex/Erth       #.........   100%        4    #####..
 Olgreb's Toxic Radiance  Pois           #.......     100%        4    #####..
 Petrify                  Tmut/Erth      #.......     100%        4    #####..
 Agony                    Necr           #.......     100%        5    ######.
 Bolt of Magma            Conj/Fire/Erth #.........   100%        5    ######.
 Irradiate                Conj/Tmut      #.........   100%        5    ######.
 Lee's Rapid Deconstruct  Erth           #.........   100%        5    ######.
 Iron Shot                Conj/Erth      #.........   100%        6    #######
 Statue Form              Tmut/Erth      #........    100%        6    #######
 Shatter                  Erth           #.........   100%        9    #######


Dungeon Overview and Level Annotations

Branches:
Dungeon (11/15)            Temple (1/1) D:7            Lair (5/6) D:8
 Shoals (0/4) Lair:2          Orc (0/2) D:11        Ossuary (visited)
  Snake: Lair:2-4    Spider: Lair:2-4     Slime: Lair:5-6

Altars:
Ashenzari
Dithmenos
Kikubaaqudgha
Makhleb
Okawaru
Qazlal
Ru
Uskayaw
Wu Jian
Beogh

Shops:
D:11 [

Annotations:
D:11 3 runed translucent doors, Flugslaktarn's ghost, novice DDFi
Lair:1 Fannar


Innate Abilities, Weirdness & Mutations

You are too large for most types of armour.
You have tough skin. (AC +1)


Message History

The komodo dragon bites you!
* * * LOW HITPOINT WARNING * * *
The wolf bites you but does no damage. The wolf bites you.
* * * LOW HITPOINT WARNING * * *
You feel much better.
The wolf bites you but does no damage. x2
The komodo dragon bites you.
* * * LOW HITPOINT WARNING * * *
As you read the scroll of teleportation, it crumbles to dust.
You feel strangely unstable. The wolf misses you. x2
The wolf bites you but does no damage. The wolf closely misses you.
The komodo dragon bites you but does no damage.
Unknown command.
You sock the wolf! The wolf closely misses you.
The wolf bites you but does no damage. The komodo dragon bites you!
* * * LOW HITPOINT WARNING * * *
You completely miss the wolf. The wolf bites you but does no damage.
The wolf misses you.
You closely miss the wolf. The wolf barely misses you. The wolf bites you.
* * * LOW HITPOINT WARNING * * *
The komodo dragon bites you!!
* * * LOW HITPOINT WARNING * * *
You thump the wolf!
You kill the wolf!
Okawaru accepts your kill. The wolf closely misses you.
The wolf bites you but does no damage. The komodo dragon barely misses you.
Found 10 gold pieces.
Things that are here:
a wolf corpse x2
Your surroundings suddenly seem different.
Found 27 arrows and a potion of haste.
A crocodile and a spiny frog come into view.
You start resting.
You feel like a meek peon again.
The spiny frog is too close now for your liking.
The spiny frog croaks.
You barely miss the spiny frog.
The spiny frog stings you but does no damage.
You sock the spiny frog!
Your weapon exudes an aura of protection.
The spiny frog stings you but does no damage.
You closely miss the spiny frog. The spiny frog stings you.
* * * LOW HITPOINT WARNING * * *
The crocodile bites you but does no damage.
You hit the spiny frog but do no damage.
The spiny frog stings you but does no damage.
You barely miss the spiny frog.
The crocodile bites you but does no damage.
The spiny frog stings you!
You die...

# ##.#######
#.....#F@#
....#..t##
#.......# ##!.....#
###.(.P##.#
#P...###..######
#...#.#.......F
#.............#
...P.....##.......#


You could see a spiny frog and a crocodile.

Vanquished Creatures
  Nessos (Lair:5)
  Harold (D:9)
  2 hydras
  Nergalle (D:11)
  A cyclops (D:11)
  A centaur zombie (D:10)
  Psyche (D:9)
  2 black mambas
  A spiny frog (Lair:5)
  A kobold demonologist (D:11)
  A komodo dragon (Lair:2)
  A queen bee (D:9)
  A polar bear (Lair:5)
  2 merfolk (Lair:2)
  5 hippogriffs
  4 wyverns
  A wraith (D:11)
  A basilisk (Lair:1)
  36 yaks
  Eustachio (D:4)
  2 hungry ghosts (D:8)
  3 water moccasins
  A porcupine (Lair:5)
  A swamp drake (D:8)
  3 ice beasts
  4 orc warriors
  5 ogres
  2 wolves (Lair:4)
  4 phantoms
  A centaur (D:9)
  4 crocodiles
  2 big kobolds (D:11)
  5 bullfrogs
  A wyvern skeleton (D:9)
  2 scorpions
  11 killer bees
  9 wights
  4 howler monkeys
  5 electric eels
  7 crimson imps
  A bullfrog zombie (D:6)
  2 quasits
  3 hounds
  2 jellies
  9 orc priests
  2 centaur skeletons
  16 orc wizards
  2 bullfrog skeletons
  Ijyb (D:3)
  5 iguanas
  10 worker ants
  A killer bee zombie (D:6)
  5 big kobold zombies (Ossuary)
  2 hound zombies
  2 hound skeletons (D:4)
  2 mummies (Ossuary)
  A worker ant zombie (D:11)
  A howler monkey skeleton (D:4)
  9 adders
  14 gnolls
  2 oozes
  5 adder zombies (Ossuary)
  4 worms
  7 dart slugs (D:7)
  3 leopard geckos
  44 orcs
  2 ball pythons
  7 giant cockroaches
  7 goblins
  7 hobgoblins
  25 jackals
  4 quokkas
  10 bats
  6 frilled lizards
  4 gnoll zombies (Ossuary)
  4 hobgoblin zombies (Ossuary)
  16 kobolds
  6 kobold zombies (Ossuary)
  2 orc zombies (Ossuary)
  A quokka skeleton (D:4)
  8 rats
405 creatures vanquished.

Vanquished Creatures (collateral kills)
  7 killer bees
7 creatures vanquished.

Vanquished Creatures (others)
  A dart slug (D:7)
  6 fungi (Lair:5)
  4 plants
11 creatures vanquished.

Grand Total: 423 creatures vanquished

Notes
Turn   | Place    | Note
-------+----------+-------------------------------------------
     0 | D:1      | vurker the Ogre Hunter began the quest for the Orb.
     0 | D:1      | Reached XP level 1. HP: 22/22 MP: 1/1
   379 | D:1      | Reached XP level 2. HP: 28/31 MP: 2/2
   508 | D:1      | Reached skill level 1 in Maces & Flails
  1001 | D:1      | Reached XP level 3. HP: 35/37 MP: 3/3
  2225 | D:2      | Found a sacrificial altar of Ru.
  2555 | D:2      | Reached XP level 4. HP: 44/45 MP: 4/4
  2775 | D:3      | Noticed an ogre
  2845 | D:2      | HP: 1/46 [orc priest/divine providence (12)]
  3490 | D:2      | Reached XP level 5. HP: 24/54 MP: 5/5
  4063 | D:3      | Noticed Ijyb
  4069 | D:3      | Killed Ijyb
  4768 | D:2      | Reached skill level 5 in Throwing
  4768 | D:2      | Reached XP level 6. HP: 20/63 MP: 6/6
  5741 | D:3      | Found a shadowy altar of Dithmenos.
  5863 | D:3      | Reached skill level 5 in Fighting
  6208 | D:3      | Found a stormy altar of Qazlal.
  6211 | D:3      | Reached XP level 7. HP: 72/72 MP: 7/7
  7042 | D:4      | Reached skill level 5 in Maces & Flails
  7093 | D:4      | Noticed Eustachio
  7108 | D:4      | Killed Eustachio
  7108 | D:4      | Reached XP level 8. HP: 27/83 MP: 8/8
  7668 | D:4      | HP: 2/84 [gnoll/+0 flail (11)]
  8327 | D:5      | Entered Level 5 of the Dungeon
 10735 | D:6      | Found an ancient bone altar of Kikubaaqudgha.
 10954 | D:6      | Found an ornate altar of the Wu Jian Council.
 11681 | D:7      | Found a staircase to the Ecumenical Temple.
 11692 | Temple   | Entered the Ecumenical Temple
 11760 | Temple   | Became a worshipper of Warmaster Okawaru
 11852 | D:7      | Reached XP level 9. HP: 91/94 MP: 9/9
 11856 | D:7      | Reached skill level 1 in Invocations
 13453 | D:8      | Found a sand-covered staircase.
 13457 | Ossuary  | Entered an ossuary
 14088 | Ossuary  | Reached * piety under Okawaru
 14900 | D:8      | Reached XP level 10. HP: 23/107 MP: 10/12
 15608 | D:8      | Reached ** piety under Okawaru
 15941 | D:8      | Found a staircase to the Lair.
 17842 | D:9      | HP: 5/110 [killer bee (6)]
 17843 | D:9      | Reached skill level 5 in Invocations
 19495 | D:10     | Entered Level 10 of the Dungeon
 19514 | D:10     | Reached skill level 10 in Fighting
 19889 | D:9      | Reached *** piety under Okawaru
 20022 | D:10     | Noticed Psyche
 20026 | D:10     | Noticed Harold
 20034 | D:9      | Killed Psyche
 20162 | D:10     | HP: 1/111 [orc priest/divine providence (9)]
 20548 | D:9      | HP: 5/111 [ice beast (7)]
 20552 | D:9      | Reached skill level 10 in Maces & Flails
 20552 | D:9      | Reached XP level 11. HP: 39/119 MP: 13/15
 20566 | D:9      | Killed Harold
 22154 | D:11     | Found a runed translucent gate.
 22154 | D:11     | Found a runed translucent gate.
 22156 | D:11     | Found a runed translucent gate.
 22157 | D:11     | Noticed Flugslaktarn's ghost (novice DDFi)
 22161 | D:11     | Found a roughly hewn altar of Beogh.
 22366 | D:11     | Noticed Nergalle
 22403 | D:11     | Killed Nergalle
 22403 | D:11     | Reached **** piety under Okawaru
 22631 | D:11     | Found a staircase to the Orcish Mines.
 22966 | D:11     | Found Maroin's Armour Shop.
 22998 | D:11     | Noticed a cyclops
 23007 | D:11     | Killed a cyclops
 23007 | D:11     | Received a gift from Okawaru
 23985 | D:11     | Identified Vehumet's Reference Book on Confrontation
 24012 | D:11     | Received a gift from Okawaru
 24207 | D:11     | Received a gift from Okawaru
 24449 | D:11     | Got a sheer robe
 24493 | D:11     | Identified the +2 robe of Slovenliness {+Inv rC+} (You
                  | found it on level 11 of the Dungeon)
 25742 | D:11     | Bought +0 shadow dragon scales for 800 gold pieces
 25855 | Lair:1   | Entered Level 1 of the Lair of Beasts
 25856 | Lair:1   | Noticed a five-headed hydra
 25865 | Lair:1   | Killed a five-headed hydra
 25865 | Lair:1   | Reached XP level 12. HP: 100/131 MP: 17/17
 26098 | Lair:1   | Reached skill level 1 in Armour
 26456 | Lair:1   | Found a shattered altar of Ashenzari.
 26654 | Lair:1   | Noticed Fannar
 27388 | Lair:2   | Reached skill level 10 in Throwing
 27714 | Lair:2   | Got a fine spear
 27715 | Lair:2   | Identified the +2 spear "Demonbane" {pain, rElec MP+9 Str-2
                  | Stlth+} (You found it on level 2 of the Lair of Beasts)
 28088 | Lair:2   | Got a steaming jade ring
 28090 | Lair:2   | Identified the ring "Uklydi" {rElec rF+ Stlth-} (You found
                  | it on level 2 of the Lair of Beasts)
 28396 | Lair:2   | Received a gift from Okawaru
 28533 | Lair:2   | Found a staircase to the Shoals.
 29300 | Lair:3   | You fall into a shaft and drop 2 floors!
 29372 | Lair:5   | Noticed a five-headed hydra
 29382 | Lair:5   | Killed a five-headed hydra
 29605 | Lair:5   | Reached ***** piety under Okawaru
 29780 | Lair:5   | Noticed Nessos
 29802 | Lair:5   | Killed Nessos
 29802 | Lair:5   | Received a gift from Okawaru
 30149 | Lair:4   | HP: 3/133 [komodo dragon (21)]
 30195 | Lair:4   | Slain by a spiny frog

Illustrated notes

Levels and vault maps discovered:
D:1:      kennysheep_arrival_forest, layout_loops_corners
D:2:      layout_loops_ring, nicolae_ru_the_path_less_chosen,
          kennysheep_generic_room_4
D:3:      layout_loops_corners, nicolae_qazlal_eye_of_the_storm,
          nicolae_dithmenos_through_a_glass_darkly, uniq_ijyb
D:4:      layout_rooms, serial_bayou_pond_d, uniq_eustachio
D:5:      minmay_skewed_foursquare, layout_basic, first_ration
D:6:      layout_basic, lemuel_round_altar, overflow_temple_1_default
D:7:      kennysheep_slugbush, layout_loops_ring, minitemple,
          minmay_temple_entry_stoned_glass, hangedman_decor_clover_reticule
D:8:      layout_basic, erik_lair_dragon, nicolae_ossuary_entry_plus
D:9:      layout_loops_cross, david_nohive_1, minmay_misc_feat_square
D:10:     layout_cave_pools, uniq_psyche, uniq_harold
D:11:     layout_roguey, orc_david_3, biasface_ghost_orc_armoury,
          chequers_big_river, uniq_nergalle
Temple:   minmay_temple_curvy_loop
Lair:1:   layout_gridlike, basic_altar, uniq_fannar
Lair:2:   layout_cellular_growth, elwin_shoals_entry_rooms,
          eino_small_chamber_without_monster, serial_bayou_ford_a
Lair:3:   layout_roguey, grunt_megastairs_3
Lair:4:   layout_misc_corridors, spider_nest_entry_web_field, grunt_megastairs_5
Lair:5:   layout_concentric_octagons, ebering_ghost_disaster_area,
          portal_ice_cave_entry_animals_and_master, infiniplex_staircase_pool,
          uniq_snorg, uniq_nessos

Skill      XL: |  1  2  3  4  5  6  7  8  9 10 11 12 |
---------------+-------------------------------------+-----
Fighting       | 3 4 5 6 7 9 10 11 12 | 12.4
Maces & Flails | 1 2 3 4 5 7 8 10 11 12 | 12.2
Throwing       | 5 6 7 8 9 10 | 10.4
Invocations    | 3 5 7 8 |  8.0
Dodging        | 2 3 |  3.9
Armour         | 2 |  2.9
Stealth        | |  0.6

Action                   |  1- 3 |  4- 6 |  7- 9 | 10-12 || total
-------------------------+-------+-------+-------+-------++-------
Melee: Short sword       |   193 |   248 |    89 |    26 ||   556
       Giant club        |       |       |   462 |       ||   462
       Giant spiked club |       |       |    13 |   110 ||   123
       Flail             |       |       |       |   804 ||   804
       Punch             |       |       |       |     9 ||     9
Throw: Large rock        |       |    14 |     6 |    16 ||    36
       Throwing net      |       |     3 |       |     2 ||     5
       Boomerang         |       |    19 |    29 |       ||    48
       Javelin           |       |       |       |     2 ||     2
Invok: Heroism           |       |       |     1 |    28 ||    29
Evoke: Wand              |       |       |     9 |    17 ||    26
  Use: Potion            |       |     2 |       |    11 ||    13
       Scroll            |       |       |     5 |    23 ||    28
 Stab: Held in net/web   |       |     2 |       |     1 ||     3
       Sleeping          |       |     1 |       |     3 ||     4
       Confused          |       |       |       |     4 ||     4
  Eat: Chunk             |     5 |     8 |    18 |    23 ||    54
       Ration            |       |     1 |     3 |     9 ||    13
Armor: Robe              |    63 |    47 |   162 |   141 ||   413
       Shadow dragon sca |       |       |       |   258 ||   258
Dodge: Dodged            |   105 |   152 |   363 |   506 ||  1126

Table legend:
 A = Non-vault XP
 B = Vault XP
 C = Vault XP percentage of total XP
 D = Non-vault monster count
 E = Vault monster count
 F = Vault count percentage of total count
                 A         B        C        D         E       F
            +---------+---------+-------+---------+---------+-------
      Total |   23047 |    7353 |  24.2 |     338 |      74 |  18.0
            +---------+---------+-------+---------+---------+-------
        D:1 |      49 |       0 |   0.0 |      28 |       0 |   0.0
        D:2 |     173 |       3 |   1.7 |      28 |       2 |   6.7
        D:3 |     543 |      36 |   6.2 |      35 |       1 |   2.8
        D:4 |     377 |     188 |  33.3 |      23 |       1 |   4.2
        D:5 |     453 |      42 |   8.5 |      21 |       4 |  16.0
        D:6 |     477 |       0 |   0.0 |      18 |       0 |   0.0
        D:7 |     956 |      28 |   2.8 |      17 |       7 |  29.2
        D:8 |    1616 |    1072 |  39.9 |      29 |       9 |  23.7
        D:9 |    1179 |    2317 |  66.3 |      25 |      12 |  32.4
       D:10 |    1666 |       0 |   0.0 |      12 |       0 |   0.0
       D:11 |    5468 |     953 |  14.8 |      58 |       6 |   9.4
     Lair:1 |    3355 |       0 |   0.0 |      13 |       0 |   0.0
     Lair:2 |    3585 |     603 |  14.4 |      19 |       2 |   9.5
     Lair:3 |      88 |     452 |  83.7 |       1 |       1 |  50.0
     Lair:4 |     235 |       0 |   0.0 |       2 |       0 |   0.0
     Lair:5 |    2827 |    1446 |  33.8 |       9 |       1 |  10.0
    Ossuary |       0 |     213 | 100.0 |       0 |      28 | 100.0
            +---------+---------+-------+---------+---------+-------
